 Dungeon Crawl Stone Soup version 0.24-b1 (webtiles) character file.

Game seed: 12423598530543661885, levelgen mode: deterministic

107 MordorOrchid the Shield-Bearer (level 4, -3/31 HPs)
             Began as an Octopode Fighter on Oct 13, 2019.
             Slain by a gnoll
             ... wielding a cursed -2 halberd
              (12 damage)
             ... on level 2 of the Dungeon.
             The game lasted 00:02:32 (995 turns).

MordorOrchid the Shield-Bearer (Octopode Fighter)    Turns: 995, Time: 00:02:33

Health: -3/31      AC:  1    Str: 15    XL:     4   Next: 86%
Magic:  0/4        EV: 11    Int: 11    God:
Gold:   26         SH:  9    Dex: 11    Spells: 3/3 levels left

rFire    . . .     SeeInvis .   a - +0 long sword
rCold    . . .     Gourm    .   b - +0 shield
rNeg     . . .     Faith    .   (helmet restricted)
rPois    .         Spirit   +   p - amulet of guardian spirit
rElec    .         Reflect  .   (no ring)
rCorr    .         Harm     .   (no ring)
MR       .....                  (no ring)
Stlth    +++.......             (no ring)
HPRegen  0.10/turn              (no ring)
MPRegen  0.09/turn              (no ring)
                                (no ring)
                                (no ring)

@: no status effects
A: almost no armour, stealthy swim, amphibious, 8 rings, constrict 8, camouflage
1, gelatinous body 1
a: no special abilities


You were on level 2 of the Dungeon.
You were not hungry.

You visited 1 branch of the dungeon, and saw 2 of its levels.

You collected 26 gold pieces.

Inventory:

Hand Weapons
 a - a +0 long sword (weapon)
 f - a +0 hunting sling
 g - a +0 short sword
Missiles
 e - 22 arrows
 h - 52 stones (quivered)
 n - 25 bolts
 o - 11 poisoned darts
Armour
 b - a +0 shield (worn)
Jewellery
 p - an amulet of guardian spirit (around mantle)
Scrolls
 l - a scroll of enchant armour {unknown}
 r - 2 scrolls of remove curse {unknown}
 t - a scroll of teleportation {unknown}
 u - a scroll of random uselessness {unknown}
Potions
 c - a potion of might
 i - a potion of cancellation {unknown}
 j - a potion of curing
 m - a potion of flight
 q - a potion of resistance {unknown}
 s - a potion of mutation {unknown}
Comestibles
 d - 2 rations
 k - a chunk of flesh


   Skills:
 - Level 3.0 Fighting
 * Level 3.4 Long Blades
 - Level 3.0 Dodging
 * Level 3.6 Stealth
 * Level 3.7 Shields


You had 3 spell levels left.
You didn't know any spells.
Your spell library was empty.

Dungeon Overview and Level Annotations

Branches:
Dungeon (2/15)

Altars:
Ru


Innate Abilities, Weirdness & Mutations

You cannot wear most types of armour.
You are very stealthy in the water. (Stealth+)
You are amphibious.
You can wear up to eight rings at the same time.
You can use your tentacles to constrict eight enemies at once.
Your skin changes colour to match your surroundings (Stealth+).
Your rubbery body absorbs attacks. (AC +1, EV +1)


Message History

You are too injured to fight recklessly!
You are too injured to fight recklessly!
You are too injured to fight recklessly!
You are too injured to fight recklessly!
You are too injured to fight recklessly!
You are too injured to fight recklessly!
You are too injured to fight recklessly!
You are too injured to fight recklessly!
You are too injured to fight recklessly!
You are too injured to fight recklessly!
You are too injured to fight recklessly!
You are too injured to fight recklessly!
You are too injured to fight recklessly!
You are too injured to fight recklessly!
You are too injured to fight recklessly!
You are too injured to fight recklessly!
Unknown command.
You feel better. You block the gnoll's attack.
The gnoll hits you with a cursed -2 halberd!
You die...

#.# #.# #.# # #.# ## ###
#.# .## ##.###.# .##
..####...##.#######....#
..'.............@ggg....
..####...##.#######....#
.## #.#.....# .## ##
##...#### # ##.## #.#
#.# #.# #.#


You could see 3 gnolls.

Vanquished Creatures
  An orc wizard (D:2)
  A gnoll (D:2)
  2 adders (D:2)
  An ooze (D:2)
  2 dart slugs (D:1)
  2 leopard geckos (D:1)
  A ball python (D:1)
  4 bats
  3 giant cockroaches
  2 goblins
  A hobgoblin (D:1)
  7 jackals (D:1)
  A quokka (D:2)
  4 frilled lizards
  8 kobolds
  3 rats (D:1)
43 creatures vanquished.

Notes
Turn   | Place    | Note
-------+----------+-------------------------------------------
     0 | D:1      | MordorOrchid the Octopode Fighter began the quest for the
                  | Orb.
     0 | D:1      | Reached XP level 1. HP: 16/16 MP: 1/1
    88 | D:1      | Reached skill level 1 in Stealth
    88 | D:1      | Reached XP level 2. HP: 16/21 MP: 2/2
   248 | D:1      | Reached XP level 3. HP: 13/26 MP: 3/3
   782 | D:2      | Found a sacrificial altar of Ru.
   785 | D:2      | Reached XP level 4. HP: 31/31 MP: 4/4
   994 | D:2      | HP: 1/31 [gnoll/+2 vampiric spear (5)]
   995 | D:2      | Slain by a gnoll

Skill      XL: |  1  2  3  4 |
---------------+-------------+-----
Stealth        | 1 2 3 |  3.6
Long Blades    | 3 |  3.4
Fighting       | |  3.0
Dodging        | |  3.0
Shields        | |  3.7

Action                   |  1- 3 |  4- 6 || total
-------------------------+-------+-------++-------
Melee: Long sword        |    52 |    14 ||    66
       Constrict         |    13 |     2 ||    15
       Tentacles         |     7 |     1 ||     8
  Use: Scroll            |     2 |     1 ||     3
       Potion            |       |     1 ||     1
 Stab: Sleeping          |    10 |     6 ||    16
Armor: Skin              |     1 |       ||     1
Dodge: Dodged            |    21 |     8 ||    29
Block: Shield            |    19 |     5 ||    24
       Rpst.: Long sword |     8 |     2 ||    10
